Unix NetHack Version 5.0.0-0 post-release - last build Jun 10 2026 00:39:30 (3ee93aec679c4c4259841fe613dc97188e26a321,branch:main).

Game began 2026-06-12 21:00:18, ended 2026-06-13 00:53:18.

Drastanta, neutral male human Barbarian

                           -..
                           |@.
                           -..

Drastanta the Bandit       St:18 Dx:17 Co:17 In:9 Wi:8 Ch:7  Neutral
Dlvl:8  $:397 HP:0(61) Pw:18(18) AC:3  Xp:6 T:3289 

Latest messages:
 The orc shaman casts a spell at you!
 Your brain is on fire!
 You miss the orc shaman.
 The orc shaman points at you, then curses.
 You smite the orc shaman!
 The orc shaman points all around, then curses.
 You smite the orc shaman.
 Idefix drops a knife.
 The orc shaman points at you, then curses.
 You kill the orc shaman!
 $ - 36 gold pieces (397 in total).
 You hear some noises.
 N - a scroll labeled LOREM IPSUM (2 in total).
 Are you sure you want to pray? [yn] (n) y
 You begin praying to Crom.
 You are surrounded by a shimmering light.
 You finish your prayer.
 You feel that Crom is well-pleased.
 Your axe softly glows with a light blue aura.
 You smite the gnome.
 The gnome hits!
 You kill the gnome!
 Idefix picks up a corroded orcish helm.
 You hear rumbling in the distance.
 H - a scroll called Enchant Weapon.
 Idefix eats a gnome corpse.
 You hear some noises in the distance.
 You hear some noises.
 You already found a monster.  Use 'm' prefix to force another search.
 You kill the Mordor orc!
 You hear some noises in the distance.
 Idefix misses the wolf.
 Idefix misses the wolf.
 You hear some noises.
 You kill the wolf!
 Idefix misses it.
 Idefix misses it.
 Idefix misses it.
 Idefix misses the wolf.
 Idefix bites the wolf.
 The wolf bites Idefix.
 The wolf bites!
 The wolf bites!
 The wolf bites!
 What do you want to zap? [r-zAB or ?*] ?
 In what direction? >
 You dig a hole through the floor.
 You fall through...
 You die...
 Do you want your possessions identified? [ynq] (y) q

Inventory:
 Coins    ('$')
  $ - 397 gold pieces
 Amulets  ('"')
  g - a cursed amulet of strangulation
 Weapons  (')')
  a - a blessed +0 axe (weapon in right hand)
  e - a -1 two-handed sword
 Armor    ('[')
  E - an uncursed +0 dwarvish iron helm (being worn)
  K - an uncursed +0 pair of iron shoes (being worn)
  k - an uncursed +0 oilskin cloak (being worn)
  c - an uncursed rusty +0 ring mail (being worn)
 Comestibles  ('%')
  f - an uncursed Can of White Monster
  j - an uncursed apple
  P - an uncursed carrot
  i - an uncursed clove of garlic
  M - 2 uncursed food rations
  p - an uncursed melon
 Scrolls  ('?')
  D - a blessed scroll of blank paper
  C - a cursed scroll of blank paper
  H - an uncursed scroll of enchant weapon
  I - an uncursed scroll of fire
  n - a cursed scroll of identify
  N - 2 uncursed scrolls of light
  d - an uncursed scroll of magic mapping
 Potions  ('!')
  L - an uncursed potion of healing
  q - a blessed potion of invisibility
  m - an uncursed potion of invisibility
  l - an uncursed potion of levitation
  o - an uncursed potion of monster detection
 Wands    ('/')
  A - a wand of cancellation (0:3)
  u - a blessed wand of cold (0:3)
  B - a wand of digging (0:3)
  y - a wand of lightning (0:3)
  r - a blessed wand of magic missile (0:2)
  v - a wand of make invisible (0:4)
  z - a wand of nothing (0:4)
  t - a wand of polymorph (0:5)
  s - a wand of teleportation (0:4)
  w - a wand of teleportation (0:4)
  x - a wand of undead turning (0:6)
 Tools    ('(')
  b - an empty uncursed sack
  G - a cursed magic marker (0:47)
  h - an uncursed skeleton key
  F - an uncursed tallow candle
  J - an uncursed wax candle

Drastanta the Barbarian's attributes:

Background:
 You were a Bandit, a level 6 male human Barbarian.
 You were neutral, on a mission for Crom
 who was opposed by Mitra (lawful) and Set (chaotic).
 You were right-handed.
 You were in the Gnomish Mines, on level 8.
 You entered the dungeon 3289 turns ago.
 It was the midnight hour.
 You had 569 experience points, 71 more were needed to attain level 7.

Basics:
 You had 0 out of 61 hit points.
 You had all 18 energy points (spell power).
 Your armor class was 3.
 Your wallet contained 397 zorkmids.
 Autopickup was on for '$' plus thrown.

Final Characteristics:
 Your strength was 18 (limit:18/100).
 Your dexterity was 17 (limit:18).
 Your constitution was 17 (limit:18).
 Your intelligence was 9 (limit:18).
 Your wisdom was 8 (limit:18).
 Your charisma was 7 (limit:18).

Final Status:
 You weren't hungry.
 You were unencumbered.
 You were wielding an axe.
 You had basic skill with axe.

Final Attributes:
 You were piously aligned.
 You were poison resistant.
 You were telepathic.
 You were guarded.
 You are dead.

Miscellaneous:
 You encountered 1 bones level.
 Total elapsed playing time was 34 minutes and 47 seconds.

Major events:
 Turn
    1: Drastanta the neutral male human Barbarian entered the dungeon
 1407: attained the rank of Pillager (level 3)
 1553: entered the Gnomish Mines
 2707: reached Mine Town
 2761: attained the rank of Bandit (level 6)
 3289: killed by falling down a mine shaft

You didn't know any spells.

Skills:
 Fighting Skills
   bare handed combat [Basic]
   two weapon combat  [Unskilled]
   riding             [Unskilled]
 Weapon Skills
   dagger             [Unskilled]
   axe                [Basic]
   pick-axe           [Unskilled]
   short sword        [Unskilled]
   broadsword         [Unskilled]
   long sword         [Unskilled]
   two-handed sword   [Basic]
   saber              [Unskilled]
   club               [Unskilled]
   mace               [Unskilled]
   morning star       [Unskilled]
   flail              [Unskilled]
   hammer             [Unskilled]
   quarterstaff       [Unskilled]
   spear              [Unskilled]
   trident            [Unskilled]
   bow                [Unskilled]
 Spellcasting Skills
   attack spells      [Unskilled]
   escape spells      [Unskilled]

Voluntary challenges:
 Character rerolling was not enabled.
 You never genocided any monsters.
 You never polymorphed an object.
 You never changed form.
 You used no wishes.
Achievements:
 You entered a shop.
 You attained the rank of Pillager.
 You entered the Gnomish Mines.
 You entered Minetown.
 You attained the rank of Bandit.

 The Dungeons of Doom: levels 1 to 3
    Level 1:
       Some fountains.
    Level 2:
       An altar.
    Level 3:
       A wand shop, a fountain.
       Stairs down to The Gnomish Mines.
 The Gnomish Mines: levels 4 to 8
    Level 4:
    Level 5:
    Level 6:
    Level 7:
    Level 8: <- You were here.
       Final resting place for
          you, killed by falling down a mine shaft,
          jigsy-Arc-Hum-Fem-Law, killed by a giant spider, while frozen by a potion.


Vanquished creatures:
  a wolf
  a gnome mummy
  9 Mordor orcs
 an Uruk-hai
 an orc shaman
  a rock piercer
  4 gnome leaders
  a gnomish wizard
  a paper golem
  a floating eye
  7 dwarves
  a homunculus
  a kobold leader
  5 hill orcs
 an orc zombie
  2 iguanas
 an acid blob
  3 hobbits
  2 manes
  a large kobold
  a yellow mold
 27 gnomes
  2 gnome zombies
  3 foxes
  a kobold
  a goblin
  5 grid bugs
  3 bats
  7 lichens
  3 newts
98 creatures vanquished.

No species were genocided or became extinct.

Game over:
                       ----------
                      /          \
                     /    REST    \
                    /      IN      \
                   /     PEACE      \
                  /                  \
                  |    Drastanta     |
                  |      397 Au      |
                  |    killed by     |
                  |  falling down a  |
                  |    mine shaft    |
                  |                  |
                  |       2026       |
                 *|     *  *  *      | *
        _________)/\\_//(\/(/\)/\//\/|_)_______

Goodbye Drastanta the Barbarian...

You died in The Gnomish Mines on dungeon level 8 with 3014 points,
and 397 pieces of gold, after 3289 moves.
You were level 6 with a maximum of 61 hit points when you died.

